 Dungeon Crawl Stone Soup version 0.30-a0-305-g026cb31310 (webtiles) character file.

Game seed: 17042129775720162564

579 billz999 the Covert (level 7, -7/52 HPs)
             Began as a Vampire Earth Elementalist on Oct 22, 2022.
             Was a Follower of Sif Muna.
             Mangled by an ogre
             ... wielding a +0 giant spiked club
              (22 damage)
             ... on level 4 of the Dungeon.
             The game lasted 00:07:57 (3974 turns).

billz999 the Covert (Vampire Earth Elementalist)    Turns: 3974, Time: 00:07:57

Health: -7/52      AC:  6    Str: 12 (13) XL:     7   Next: 13%
Magic:  3/3        EV: 12    Int: 17 (19) God:    Sif Muna [*.....]
Gold:   225        SH:  5    Dex: 19 (21) Spells: 9/10 levels left

rFire   + . .      SeeInvis +    n - +5 falchion of the Beginning {antimagic, rF+}
rCold   . . .      Faith    .    (no shield)
rNeg    . . .      Spirit   .    t - +3 leather armour
rPois   .          Reflect  +    (no helmet)
rElec   .          Harm     .    (no cloak)
rCorr   .          Rampage  .    (no gloves)
Will    .....                    (no boots)
Stlth   ++++......               m - amulet of reflection
HPRegen 0.48/turn                u - +6 ring of strength
MPRegen 0.08/turn                p - +6 ring of dexterity

@: about to teleport, healing quickly
A: alive, fangs 3, see invisible, vampiric 2
a: Exsanguinate, Renounce Religion, Channel Magic


You were on level 4 of the Dungeon.
You worshipped Sif Muna.
Sif Muna was aware of your devotion.
You visited 1 branch of the dungeon, and saw 4 of its levels.

You collected 225 gold pieces.

Inventory:

Hand Weapons
 d - a +0 dagger
 n - the +5 falchion of the Beginning (weapon) {antimagic, rF+}
   (You found it on level 2 of the Dungeon)

   It reduces the magical energy of the wielder, and disrupts the spells and
   magical abilities of those it strikes.
   Natural abilities and divine invocations are not affected.
   rF:        It protects you from fire.
Missiles
 c - 10 poisoned darts
Armour
 a - a +0 robe
 t - a +3 leather armour (worn)
Jewellery
 m - an amulet of reflection (around neck)
 p - a +6 ring of dexterity (right hand)
 u - a +6 ring of strength (left hand)
Scrolls
 e - a scroll of silence
 h - a scroll of vulnerability
 k - a scroll of identify
 l - a scroll of noise {unknown}
 o - a scroll of poison {unknown}
 q - a scroll of blinking {unknown}
 s - a scroll of enchant weapon {unknown}
Potions
 b - a potion of magic
 g - a potion of degeneration


   Skills:
 + Level 3.1 Fighting
 * Level 4.3 Long Blades
 - Level 2.1 Dodging
 + Level 8.1 Stealth
 - Level 2.0 Spellcasting
 - Level 1.1 Transmutations
 - Level 3.0 Earth Magic


You had 9 spell levels left.
You knew the following spells:

 Your Spells              Type           Power      Damage    Failure   Level
a - Sandblast             Erth           22%        2d7       7%          1

Your spell library contained the following spells:

 Spells                   Type           Power      Damage    Failure   Level
 Passwall                 Tmut/Erth      6%         N/A       16%         2
 Freeze                   Ice            4%         1d3       24%         1
 Magic Dart               Conj           4%         1d3       24%         1
 Searing Ray              Conj           2%         2d4       36%         2
 Sublimation of Blood     Necr           1%         N/A       36%         2
 Stone Arrow              Conj/Erth      12%        3d7       36%         3
 Frozen Ramparts          Ice            2%         1d1       58%         3
 Hailstorm                Conj/Ice       1%         3d3       58%         3
 Petrify                  Tmut/Erth      8%         N/A       71%         4
 Fulminant Prism          Conj/Hex       0%         3d6       94%         4
 Irradiate                Conj/Tmut      1%         3d12      99%         5


Dungeon Overview and Level Annotations

Branches:
Dungeon (4/15)
 Temple: D:4-7

Altars:
Kikubaaqudgha
Sif Muna


Innate Abilities, Weirdness & Mutations

Your natural rate of healing is accelerated.
You have razor-sharp teeth.
You have supernaturally acute eyesight. (SInv)
You are afflicted with vampirism and can become a bat while bloodless.


Message History

Magic restored.
HP restored.
f - a scroll labelled OPSITW TAYL A goblin comes into view.
It is wielding a +0 dagger.
A goblin is nearby!
A goblin is nearby!
The goblin shouts!
You closely miss the goblin. You block the goblin's attack.
You miss the goblin. Your bite misses the goblin.
The goblin closely misses you.
You closely miss the goblin. Your bite misses the goblin.
The goblin hits you but does no damage.
You slash the goblin!
You kill the goblin!
Sif Muna accepts your kill.
No target in view!
You now have 225 gold pieces (gained 9).
Found a stone staircase leading down.
There is a stone staircase leading down here.
You open the door.
An ogre comes into view. It is wielding a +0 giant spiked club.
Found a twisted ivory ring.
The ogre shouts!
You block the ogre's attack.
There is an open door here.
You hit the ogre. You bite the ogre.
The ogre is moderately wounded.
The ogre hits you with a +0 giant spiked club!
You barely miss the ogre.
The ogre is moderately wounded.
You hit the ogre.
The ogre is moderately wounded.
The ogre hits you with a +0 giant spiked club!!
Ouch! That really hurt!
* * * LOW HITPOINT WARNING * * *
You are too injured to fight recklessly!
As you read the scroll labelled OPSITW TAYL, it crumbles to dust.
You feel strangely unstable.
It was a scroll of teleportation.
The ogre hits you with a +0 giant spiked club!!
You die...

.....#### #.......##.#
........#########.......##.#
........#........)......##.#
..........................>#
........#............#####.#
........#...##############.#
###.....####### #..........#
.##.....##.....##..........##
.########......O@...........#
........#...=..##...........#
........#...... ##########..#
........#.######## ######..#
.....<....[......# #.......#
........#........# #.......#
.###.####........####.......#
.###.# #............)......#
...#.# #...................#


You could see an ogre.

Vanquished Creatures
  Duvessa (D:4)
  A black bear (D:4)
  A wight (D:2)
  Dowan (D:4)
  A hound (D:4)
  A gnoll bouda (D:4)
  An orc priest (D:3)
  An orc wizard (D:3)
  3 gnolls (D:4)
  3 adders
  2 dart slugs (D:1)
  12 orcs
  6 endoplasms
  4 giant cockroaches
  7 goblins
  11 hobgoblins
  4 jackals
  6 kobolds
  3 quokkas
  5 ball pythons
  5 bats
  3 frilled lizards
  6 rats
88 creatures vanquished.

Vanquished Creatures (others)
  An orc wizard (D:3)
1 creature vanquished.

Grand Total: 89 creatures vanquished

Notes
Turn   | Place    | Note
-------+----------+-------------------------------------------
     0 | D:1      | billz999 the Vampire Earth Elementalist began the quest for
                  | the Orb.
     0 | D:1      | Reached XP level 1. HP: 13/13 MP: 3/3
   119 | D:1      | Reached skill level 4 in Stealth
   184 | D:1      | Reached XP level 2. HP: 18/19 MP: 1/5
   549 | D:1      | Reached skill level 5 in Stealth
   981 | D:1      | Gained mutation: You are afflicted with vampirism and can
                  | become a bat while bloodless. [Vampire growth]
   981 | D:1      | Reached XP level 3. HP: 24/24 MP: 2/6
  1394 | D:2      | Found a shimmering blue altar of Sif Muna.
  1403 | D:2      | Became a worshipper of Sif Muna the Loreminder
  1670 | D:2      | Reached skill level 6 in Stealth
  1927 | D:2      | Identified the +5 falchion of the Beginning {antimagic,
                  | rF+}
  2482 | D:3      | Reached skill level 1 in Fighting
  2482 | D:3      | Reached skill level 1 in Long Blades
  2482 | D:3      | Reached XP level 4. HP: 20/32 MP: 1/7
  2636 | D:3      | Reached XP level 5. HP: 21/37 MP: 1/8
  2636 | D:3      | Reached * piety under Sif Muna
  3216 | D:2      | Reached skill level 7 in Stealth
  3379 | D:4      | Noticed a black bear
  3391 | D:4      | Killed a black bear
  3392 | D:4      | Reached XP level 6. HP: 37/46 MP: 0/9
  3585 | D:4      | Noticed Dowan
  3589 | D:4      | Noticed Duvessa
  3614 | D:4      | HP: 2/69 [Duvessa/+0 short sword (7)]
  3618 | D:4      | Killed Duvessa
  3622 | D:4      | Killed Dowan
  3623 | D:4      | Reached XP level 7. HP: 13/52 MP: 3/10
  3770 | D:4      | Found an ancient bone altar of Kikubaaqudgha.
  3782 | D:4      | Reached skill level 8 in Stealth
  3974 | D:4      | Mangled by an ogre

Illustrated notes

Levels and vault maps discovered:
D:1:      ncdulo_wetmaze, layout_loops_corners, hangedman_decor_lopped
D:2:      minmay_spotlight, layout_loops_corners, basic_altar,
          small_statue_intersection
D:3:      layout_rooms
D:4:      layout_basic, kiku_gazebo_garden_becter, temple_hall, uniq_duvessa

Skill      XL: |  1  2  3  4  5  6  7 |
---------------+----------------------+-----
Stealth        | 4 5 6 7 8 |  8.1
Fighting       | 1 2 3 |  3.1
Long Blades    | 1 3 4 |  4.3
Dodging        | |  2.1
Spellcasting   | |  2.0
Transmutations | |  1.1
Earth Magic    | |  3.0

Action                   |  1- 3 |  4- 6 |  7- 9 || total
-------------------------+-------+-------+-------++-------
Melee: Dagger            |    10 |       |       ||    10
       Falchion          |    24 |    92 |    24 ||   140
       Bite              |     2 |     3 |     1 ||     6
 Cast: Sandblast         |    62 |     6 |     7 ||    75
  Use: Potion            |     1 |     9 |       ||    10
       Scroll            |       |     2 |     1 ||     3
 Stab: Sleeping          |     6 |     4 |       ||    10
Armor: Robe              |     7 |    10 |       ||    17
       Leather armour    |       |     8 |     4 ||    12
       Skin              |       |     8 |       ||     8
Dodge: Dodged            |    37 |    69 |    11 ||   117
Block: Other             |       |     7 |     7 ||    14

Table legend: (Time is in decaauts)
 A = Elapsed time spent in this place.
 B = Non-inter-level travel time spent in this place.
 C = Inter-level travel time spent in this place.
 D = Time resting spent in this place.
 E = Time spent auto-exploring this place.
 F = Levels seen in this place.
 G = Mean time per level.
                   A        B        C        D        E       F      G
               +--------+--------+--------+--------+--------+-----+--------+
         Total |   4047 |   3893 |    154 |    375 |   2865 |   4 | 1011.8 |
       Dungeon |   4047 |   3893 |    154 |    375 |   2865 |   4 | 1011.8 |
               +--------+--------+--------+--------+--------+-----+--------+

Top non-repeatable levels by time:
     D:2: 1278 daAuts
     D:1: 1254 daAuts
     D:3: 875 daAuts
     D:4: 639 daAuts
